 Dungeon Crawl Stone Soup version 0.21.1-1-g345015fe64 (webtiles) character file.

8817 Gargoyl the Protected (level 11, -3/91 HPs)
             Began as a Centaur Abyssal Knight on Mar 23, 2018.
             Was an Elder of Lugonu.
             Killed from afar by Josephine (19 damage)
             ... with a ghostly fireball
             ... on level 9 of the Dungeon on Mar 24, 2018.
             The game lasted 00:24:50 (14662 turns).

Gargoyl the Protected (Centaur Abyssal Knight)     Turns: 14662, Time: 00:24:52

Health: -3/91      AC: 19    Str: 16    XL:     11   Next: 14%
Magic:  15/16      EV:  5    Int: 11    God:    Lugonu [****..]
Gold:   1295       SH:  9    Dex: 19    Spells: 10/10 levels left

rFire    + . .     SeeInvis .   p - +3 hand axe (venom)
rCold    + . .     Gourm    .   u - +1 shield
rNeg     . . .     Faith    .   x - +4 plate armour of Radeseph {+Blink Stlth+}
rPois    +         Spirit   .   s - +0 helmet "Ulies" {rPois}
rElec    .         Reflect  .   (no cloak)
rCorr    .         Harm     .   b - +2 pair of gloves {Dex+3}
MR       .....                  (no barding)
Stlth    ..........             (no amulet)
HPRegen  0.25/turn              e - ring of protection from fire
MPRegen  0.15/turn              A - ring of protection from cold

@: agile, about to teleport, slowed, heavily drained
A: large, hooves 3, deformed body, speed 2, tough skin 3
a: Depart the Abyss, Bend Space, Banish, Corrupt, Renounce Religion, Evoke Blink


You were on level 9 of the Dungeon.
You worshipped Lugonu.
Lugonu was greatly pleased with you.
You were near starving.

You visited 1 branch of the dungeon, and saw 10 of its levels.
You visited the Abyss 1 time.
You also visited: Ossuary and Bailey.

You collected 1295 gold pieces.

Inventory:

Hand Weapons
 n - a +4 hand axe
 p - a +3 hand axe of venom (weapon)
 z - a +3 war axe of flaming
Missiles
 d - 3 javelins (quivered)
Armour
 b - a +2 pair of gloves of dexterity (worn)
 s - the +0 helmet "Ulies" (worn) {rPois}
   (You found it on level 7 of the Dungeon)

   It protects you from poison.
 u - a +1 shield (worn)
 x - the +4 plate armour of Radeseph (worn) {+Blink Stlth+}
   (You found it on level 5 of the Dungeon)

   It lets you blink.
   It makes you more stealthy.
Jewellery
 e - a ring of protection from fire (left hand)
 A - a ring of protection from cold (right hand)
Wands
 i - a wand of enslavement (15)
 m - a wand of disintegration (15)
 y - a wand of digging (9)
 C - a wand of paralysis (3)
Scrolls
 f - 2 scrolls of blinking
 g - 5 scrolls of magic mapping
 h - 12 scrolls of teleportation
 k - 6 scrolls of identify
 l - 2 scrolls of remove curse
 q - 3 scrolls of amnesia
 v - a scroll of fear
Potions
 j - a potion of magic
 o - a potion of brilliance
 t - a potion of haste
 w - a potion of resistance
Comestibles
 c - 19 rations


   Skills:
 + Level 6.5(4.5) Fighting
 + Level 7.8(5.7) Axes
 + Level 0.2(0.0) Throwing
 * Level 8.7(6.5) Armour
 + Level 2.2(0.4) Dodging
 + Level 3.1(1.3) Shields
 * Level 7.9(5.8) Invocations
 + Level 0.2(0.0) Evocations


You had 10 spell levels left.
You didn't know any spells.

Dungeon Overview and Level Annotations

Branches:
Dungeon (10/15)            Temple (0/1) D:4
   Lair: D:8-11         Orc: D:9-12

Altars:
Ashenzari
Cheibriados
Elyvilon
Gozag
Hepliaklqana
Kikubaaqudgha
Makhleb
Nemelex Xobeh
Okawaru
Ru
Sif Muna
Trog
Vehumet
Wu Jian
Zin
The Shining One

Shops:
D:8 (

Annotations:
D:9 Josephine


Innate Abilities, Weirdness & Mutations

You have hooves in place of feet.
Armour fits poorly on your strangely shaped body.
You cover ground very quickly.
You have extremely tough skin. (AC +3)


Message History

Josephine hits you but does no damage. The wraith hits you but does no damage.
You climb upwards.
There is a stone staircase leading down here.
Unknown command.
You block the wraith's attack.
You feel agile all of a sudden. The wraith hits you!
* * * LOW HITPOINT WARNING * * *
The wraith hits you.
* * * LOW HITPOINT WARNING * * *
Okay, then.
Space bends around you!
You blink.
As you read the scroll of teleportation, it crumbles to dust.
You feel strangely unstable.
Josephine gestures at you while chanting.
The ghostly flame explodes!
The ghostly fireball engulfs the wraith.
The wraith completely resists.
The ghostly fireball engulfs you!
You feel drained.
You die...

...♣≈≈≈.....####......####.#..##
..........(## ######......#.>.##
...........# #W>.....###.#...
...........# ###.#..##.#...####
.........>.# #.W.#.###.#.###
...........# #@##..# #.#.#
..........### ##§##[## #.#.#
....##......###.W...# #.#.#
..##...####.##..@#######...#
##.....# #....#..........###
...##.## #..#.....######...####
......# #....###.# ###....#
.##...# ##...##...## ####.##
......####....##.#..### #...
..##..#......###...PP.## ####
..........##.###P≈≈≈P≈.# #
#..##....###..#PP≈♣♣♣≈P# #


You could see Josephine and 2 wraiths.

Vanquished Creatures
  Gastronok (D:8)
  Erolcha (D:10)
  A two-headed ogre (D:9)
  A troll (D:9)
  The ghost of Zrachosh the Charmwright, an amateur GnSk (D:4)
  2 hippogriffs
  The ghost of Oravi the Vandal, an amateur HaHu (D:3)
  A steam dragon (D:8)
  Edmund (D:6)
  5 orc warriors
  An ice beast (D:7)
  A sky beast (D:8)
  6 ogres
  A centaur (D:6)
  A crocodile (D:9)
  5 bullfrogs
  11 killer bees
  3 howler monkeys
  3 electric eels (D:9)
  A jelly (D:10)
  3 crimson imps
  3 hounds
  A human zombie (Ossuary)
  A centaur zombie (D:7)
  6 orc wizards
  Ijyb (D:3)
  A bullfrog skeleton (D:4)
  2 iguanas
  3 worker ants
  A big kobold zombie (Ossuary)
  3 mummies (Ossuary)
  Robin (D:3)
  4 gnolls
  13 adders
  2 shadow imps (D:6)
  An ufetubus (Abyss:2)
  4 oozes
  2 adder zombies (Ossuary)
  3 adder skeletons
  A worm (D:3)
  2 dart slugs
  6 leopard geckos
  19 orcs
  9 giant cockroaches
  A gnoll zombie (Ossuary)
  21 goblins
  11 hobgoblins
  9 jackals
  9 kobolds
  6 quokkas
  2 ball pythons
  13 bats
  A frilled lizard (D:3)
  3 goblin zombies (Ossuary)
  4 hobgoblin zombies (Ossuary)
  A jackal skeleton (D:5)
  A kobold zombie (Ossuary)
  A leopard gecko zombie (D:6)
  A quokka skeleton (D:9)
  3 quokka zombies (Ossuary)
  18 rats
  2 rat zombies (Ossuary)
247 creatures vanquished.

Vanquished Creatures (others)
  2 unseen horrors
  The ghost of dengdeng the Covered, a novice MiBe of Trog (D:5)
  A wraith (D:9)
  2 electric eels (D:9)
  A hobgoblin (D:3)
  A plant (D:9)
8 creatures vanquished.

Grand Total: 255 creatures vanquished

Notes
Turn   | Place    | Note
-------+----------+-------------------------------------------
     0 | Abyss:1  | Gargoyl the Centaur Abyssal Knight began the quest for the Orb.
     0 | Abyss:1  | Reached XP level 1. HP: 19/19 MP: 2/2
     8 | Abyss:1  | Found a corrupted altar of Lugonu.
   142 | Abyss:2  | Noticed a thrashing horror
   143 | D:1      | Escaped the Abyss
   531 | D:1      | Reached * piety under Lugonu
   531 | D:1      | Reached XP level 2. HP: 24/26 MP: 3/3
  1130 | D:1      | Reached XP level 3. HP: 30/31 MP: 4/4
  1600 | D:2      | Reached ** piety under Lugonu
  1600 | D:2      | Reached XP level 4. HP: 35/38 MP: 5/5
  1604 | D:2      | Reached skill level 2 in Armour
  2783 | D:3      | Found a hazy altar of Hepliaklqana.
  2934 | D:3      | Noticed Oravi's ghost (amateur HaHu)
  2959 | D:3      | Killed Oravi's ghost
  2959 | D:3      | Reached skill level 1 in Dodging
  2959 | D:3      | Reached XP level 5. HP: 21/46 MP: 7/7
  2959 | D:3      | Reached XP level 6. HP: 24/52 MP: 8/8
  2976 | D:3      | Reached skill level 3 in Armour
  3153 | D:3      | Noticed Robin
  3556 | D:3      | Killed Robin
  4105 | D:3      | Noticed Ijyb
  4132 | D:3      | Killed Ijyb
  4326 | D:3      | Reached *** piety under Lugonu
  5274 | D:4      | Noticed Zrachosh's ghost (amateur GnSk)
  5322 | D:4      | Found a burning altar of Makhleb.
  5335 | D:5      | Entered Level 5 of the Dungeon
  5595 | D:4      | Reached XP level 7. HP: 33/59 MP: 9/9
  5848 | D:4      | Killed Zrachosh's ghost
  5848 | D:4      | Reached skill level 4 in Armour
  6116 | D:4      | Found an iron altar of Okawaru.
  6562 | D:4      | Found a shattered altar of Ashenzari.
  6596 | D:4      | Found a staircase to the Ecumenical Temple.
  6752 | D:5      | Noticed dengdeng's ghost (novice MiBe)
  6763 | D:5      | Banished dengdeng's ghost
  6763 | D:5      | Reached XP level 8. HP: 41/67 MP: 11/11
  7008 | D:5      | Found a glowing golden altar of the Shining One.
  7185 | D:5      | Reached skill level 5 in Armour
  7324 | D:5      | Got a transparent plate armour
  7335 | D:5      | Identified the +4 plate armour of Radeseph {+Blink Stlth+} (You found it on level 5 of the Dungeon)
  7834 | D:6      | Found an opulent altar of Gozag.
  7936 | D:6      | Found a sand-covered staircase.
  7940 | D:6      | Reached skill level 5 in Axes
  7980 | Ossuary  | Entered an ossuary
  8025 | Ossuary  | Reached skill level 5 in Fighting
  8026 | Ossuary  | Reached skill level 5 in Invocations
  8252 | Ossuary  | Reached **** piety under Lugonu
  8716 | D:6      | Noticed Edmund
  8733 | D:6      | Killed Edmund
  8733 | D:6      | Reached XP level 9. HP: 61/74 MP: 13/13
  9440 | D:7      | Found a bloodstained altar of Trog.
  9465 | D:7      | Got a translucent helmet
  9476 | D:7      | Identified the +0 helmet "Ulies" {rPois} (You found it on level 7 of the Dungeon)
  9699 | D:7      | Found a snail-covered altar of Cheibriados.
  9700 | D:7      | Found a radiant altar of Vehumet.
  9702 | D:7      | Found a sparkling altar of Nemelex Xobeh.
  9702 | D:7      | Found a white marble altar of Elyvilon.
  9702 | D:7      | Found a sacrificial altar of Ru.
  9715 | D:7      | Reached skill level 6 in Armour
  9775 | D:7      | Reached skill level 1 in Shields
  9968 | D:7      | Found an ornate altar of the Wu Jian Council.
 10031 | D:7      | Found an ancient bone altar of Kikubaaqudgha.
 10035 | D:7      | Found a deep blue altar of Sif Muna.
 10795 | D:8      | Banished an unseen horror
 10795 | D:8      | Reached skill level 7 in Armour
 10802 | D:8      | Got a translucent falchion
 10803 | D:8      | Identified the cursed +1 falchion "Beastbane" {slice, rC+ rN+ Str-3} (You found it on level 8 of the Dungeon)
 11076 | D:8      | Noticed Gastronok
 11090 | D:8      | HP: 1/75 [Gastronok/the air (27)]
 11093 | D:8      | Killed Gastronok
 11093 | D:8      | Reached XP level 10. HP: 10/83 MP: 15/15
 11412 | D:8      | Found Xajeyjosy's Weapon Shoppe.
 12549 | D:9      | Noticed a two-headed ogre
 12591 | D:9      | Killed a two-headed ogre
 12591 | D:9      | Reached skill level 8 in Armour
 12972 | D:9      | Found a glowing silver altar of Zin.
 13832 | D:10     | Entered Level 10 of the Dungeon
 13871 | D:10     | Noticed Erolcha
 13896 | D:10     | Paralysed by Erolcha for 3 turns
 13902 | D:10     | Killed Erolcha
 13902 | D:10     | Reached XP level 11. HP: 74/91 MP: 16/16
 13921 | D:10     | Found a flagged portal.
 13928 | Bailey   | Entered a bailey
 14012 | Bailey   | Found a burning altar of Makhleb.
 14022 | Bailey   | Paralysed by an orc warrior for 5 turns
 14034 | Bailey   | Paralysed by an orc warrior for 4 turns
 14046 | Bailey   | Identified a scroll of acquirement
 14286 | D:10     | Noticed Josephine
 14306 | D:10     | Killed an unseen horror
 14662 | D:9      | Killed from afar by Josephine

Skill      XL: |  1  2  3  4  5  6  7  8  9 10 11 |
---------------+----------------------------------+-----
Axes           | 2 3 4 5 7 |  7.8
Armour         | 2 3 4 5 7 8 |  8.7
Dodging        | 1 2 |  2.2
Invocations    | 3 4 5 7 |  7.9
Fighting       | 4 5 6 |  6.5
Shields        | 2 3 |  3.1
Throwing       | |  0.2
Evocations     | |  0.2

Action                   |  1- 3 |  4- 6 |  7- 9 | 10-12 || total
-------------------------+-------+-------+-------+-------++-------
Melee: Hand axe          |    87 |   204 |   400 |   164 ||   855
       Kick              |    17 |    37 |    87 |    34 ||   175
       Unarmed           |       |    15 |       |       ||    15
Throw: Javelin           |       |       |       |     3 ||     3
Invok: Depart the Abyss  |     1 |       |       |       ||     1
       Bend Space        |       |     1 |     1 |     1 ||     3
       Banish            |       |       |     2 |     4 ||     6
Evoke: Wand              |     2 |     7 |       |       ||     9
  Use: Scroll            |     7 |     5 |     8 |     6 ||    26
       Potion            |       |     3 |     8 |     5 ||    16
 Stab: Invisible         |       |       |     2 |       ||     2
  Eat: Chunk             |     1 |     8 |     9 |     3 ||    21
       Ration            |       |     1 |     2 |     2 ||     5
Armor: Ring mail         |    11 |       |       |       ||    11
       Scale mail        |    61 |   127 |       |       ||   188
       Chain mail        |       |    31 |    71 |       ||   102
       Skin              |       |     4 |       |       ||     4
       Plate armour      |       |       |   271 |   226 ||   497
Dodge: Dodged            |    57 |   122 |    48 |    21 ||   248
Block: Shield            |       |       |    87 |   140 ||   227
